 Dungeon Crawl Stone Soup version 0.24.1-8-ga250c9d538 (webtiles) character file.

Game seed: 5444679883974555237, levelgen mode: deterministic

296 Sennar25 the Chopper (level 6, 0/47 HPs)
             Began as a Demonspawn Fighter on Apr 29, 2020.
             Killed by divine providence
             ... invoked by an orc priest
              (15 damage)
             ... on level 3 of the Dungeon on May 2, 2020.
             The game lasted 00:13:40 (3510 turns).

Sennar25 the Chopper (Demonspawn Fighter)           Turns: 3510, Time: 00:13:41

Health: 0/47       AC: 11    Str: 24    XL:     6   Next: 12%
Magic:  6/6        EV:  5    Int:  9    God:
Gold:   138        SH:  9    Dex: 12    Spells: 5/5 levels left

rFire    . . .     SeeInvis .   o - +0 flail (crush)
rCold    . . .     Gourm    .   c - +0 shield
rNeg     . . .     Faith    .   p - +0 chain mail
rPois    .         Spirit   .   (helmet restricted)
rElec    .         Reflect  .   (no cloak)
rCorr    .         Harm     .   (no gloves)
MR       .....                  (no boots)
Stlth    ..........             (no amulet)
HPRegen  0.15/turn              (no ring)
MPRegen  0.10/turn              (no ring)

@: mighty
A: horns 1, slimy green scales 2, powered by pain 1
a: no special abilities


You were on level 3 of the Dungeon.
You were not hungry.

You visited 1 branch of the dungeon, and saw 3 of its levels.

You collected 138 gold pieces.


Innate Abilities, Weirdness & Mutations

You have a pair of small horns on your head.
You are mostly covered in slimy green scales. (AC +3)
You sometimes gain a little power by taking damage.


   Skills:
 - Level 3.0 Fighting
 - Level 4.7(5.2) Axes
 + Level 3.2(4.5) Maces & Flails
 - Level 2.6 Armour
 - Level 2.6 Shields


You had 5 spell levels left.
You didn't know any spells.
Your spell library was empty.

Dungeon Overview and Level Annotations

Branches:
Dungeon (3/15)

Altars:

Annotations:
D:3 1 runed translucent door, Crazy Yiuf

Inventory:

Hand Weapons
 a - a +0 war axe
 o - a +0 flail of crushing (weapon)
   (You took it off an orc on level 3 of the Dungeon)
Missiles
 n - 8 poisoned darts (quivered)
 q - a curare-tipped dart
 v - 2 boomerangs
Armour
 c - a +0 shield (worn)
 p - a +0 chain mail (worn)
   (You took it off Terence on level 3 of the Dungeon)
Jewellery
 t - an uncursed ring of poison resistance {unknown}
   (You found it on level 3 of the Dungeon)
Scrolls
 b - a scroll of remove curse {unknown}
 g - 4 scrolls of identify {unknown}
 h - 2 scrolls of fear {unknown}
 j - a scroll of enchant armour {unknown}
 k - a scroll of magic mapping {unknown}
 r - a scroll of fog {unknown}
Potions
 d - a potion of might
 e - a potion of curing {@q1}
 i - a potion of haste {@q3}
 l - a potion of brilliance {unknown}
 u - a potion of invisibility {unknown}
Comestibles
 f - 4 rations

#.#######.#.#.#
#(........#.#.#
###########.#.#
###########.#.#
............#.#
##########.##.#
.........#....#
########.#.########
.#.....#.#.#....@o#
.##.##.#.#.#.####o#
###.##.#.#.#.# o# #
#)##.#.#.#.# .# #
#.##.#.#.#.# .# #
#.#....#.#.# .# #
#...⌠..#.#.# .# #
#..8.8...#.# .# #
#.....÷..#.#


You could see an orc priest and 2 orcs.


Message History

You now have 138 gold pieces (gained 3).
n - 8 poisoned darts (gained 1)
You feel yourself slow down.
You start resting.
Eating one of 3 chunks of flesh.
You eat one of the 3 chunks of flesh.
This raw flesh tastes terrible.
HP restored.
Things that are here:
a +1 halberd of flaming; a +0 flail
Things that are here:
a +0 halberd; a ball python skeleton; a gnoll skeleton All of the chunks of flesh in your inventory have rotted away.
Found a potion of curing. 2 orcs and an orc priest come into view.
The orc shouts! x2
There are monsters nearby!
You hit the orc but do no damage. Your headbutt misses the orc.
You sock the orc priest!
The orc priest is almost dead.
You block the orc's attack.
The orc priest hits you but does no damage.
Your shield and chain mail prevent you from hitting the orc priest.
The orc priest is almost dead.
The orc priest calls down the wrath of Beogh upon you.
Pain shoots through your body! You block the orc's attack.
You barely miss the orc. The orc hits you with a +0 mace.
The orc priest begins to cast a cantrip, but forgets the words!
The orc barely misses you.
You completely miss the orc. Your headbutt misses the orc.
The orc barely misses you. The orc hits you but does no damage.
You hit the orc. Your headbutt misses the orc.
The orc is heavily wounded.
The orc hits you but does no damage.
The orc priest invokes the aid of Beogh against you.
Beogh smites you!
* * * LOW HITPOINT WARNING * * *
You focus on the pain.
You feel very mighty all of a sudden. The orc completely misses you.
You are too injured to fight recklessly!
You are too injured to fight recklessly!
You are too injured to fight recklessly!
You are too injured to fight recklessly!
You are too injured to fight recklessly!
You feel mightier all of a sudden. The orc hits you with a +0 mace.
* * * LOW HITPOINT WARNING * * *
The orc priest mumbles some strange prayers to Beogh against you.
Beogh smites you!
You die...

Levels and vault maps discovered:
D:1:      lemuel_arrival_lava_pool, layout_basic
D:2:      layout_basic, first_ration
D:3:      layout_basic, dk_noncrumbling_3, hangedman_feature_mirror,
          minmay_tree_intersection, uniq_crazy_yiuf_cottage, uniq_terence

Vanquished Creatures
  An orc priest (D:3)
  2 orc wizards (D:3)
  Terence (D:3)
  3 gnolls (D:3)
  6 adders
  2 oozes
  2 worms (D:3)
  3 dart slugs
  2 leopard geckos (D:1)
  8 orcs (D:3)
  2 ball pythons (D:3)
  4 giant cockroaches
  6 goblins
  6 hobgoblins
  3 jackals (D:3)
  9 kobolds
  10 bats
  5 frilled lizards
  A quokka skeleton (D:2)
  7 rats
83 creatures vanquished.

Table legend:
 A = Turns spent in this place as a percentage of turns spent in the entire game.
 B = Non-inter-level travel turns spent in this place as a percentage of non-inter-level travel turns spent in the entire game.
 C = Inter-level travel turns spent in this place as a percentage of turns spent in this place.
 D = Turns resting spent in this place as a percentage of non-inter-level travel turns spent in this place.
 E = Turns spent auto-exploring this place as a percentage of non-inter-level travel turns spent in this place.
 F = Non-inter-level travel turns spent in this place divided by the number of levels of this place that you've seen.
                   A       B       C       D       E      F
               +-------+-------+-------+-------+-------+----------------------
         Total | 100.0 | 100.0 |   1.0 |  31.8 |  48.8 | 1158.7
       Dungeon | 100.0 | 100.0 |   1.0 |  31.8 |  48.8 | 1158.7
               +-------+-------+-------+-------+-------+----------------------

Table legend:
 A = Kills in this place as a percentage of kills in entire the game.
 B = Kills by you in this place as a percentage of kills by you in the entire game.
 C = Kills by friends in this place as a percentage of kills by friends in the entire game.
 D = Other kills in this place as a percentage of other kills in the entire game.
 E = Experience gained in this place as a percentage of experience gained in the entire game.
 F = Experience gained in this place divided by the number of levels of this place that you have seen.
                   A       B       C       D       E      F
               +-------+-------+-------+-------+-------+----------------------
         Total | 100.0 | 100.0 |   N/A |   N/A | 100.0 | 141.3
       Dungeon | 100.0 | 100.0 |   N/A |   N/A | 100.0 | 141.3
               +-------+-------+-------+-------+-------+----------------------

Notes
Turn   | Place    | Note
-------+----------+-------------------------------------------
     0 | D:1      | Sennar25 the Demonspawn Fighter began the quest for the
                  | Orb.
     0 | D:1      | Reached XP level 1. HP: 18/18 MP: 1/1
    30 | D:1      | Reached skill level 2 in Axes
   299 | D:1      | Gained mutation: You are partially covered in slimy green
                  | scales. (AC +2) [demonic ancestry]
   299 | D:1      | Reached XP level 2. HP: 24/24 MP: 2/2
   625 | D:1      | Reached skill level 3 in Axes
   725 | D:1      | Gained mutation: You sometimes gain a little power by
                  | taking damage. [demonic ancestry]
   725 | D:1      | Reached XP level 3. HP: 27/29 MP: 3/3
  1921 | D:3      | Reached skill level 4 in Axes
  1921 | D:3      | Gained mutation: You are mostly covered in slimy green
                  | scales. (AC +3) [demonic ancestry]
  1921 | D:3      | Reached XP level 4. HP: 25/35 MP: 4/4
  2173 | D:3      | Noticed Terence
  2209 | D:3      | Killed Terence
  2269 | D:3      | Reached skill level 1 in Maces & Flails
  2269 | D:3      | Gained mutation: You have a pair of small horns on your
                  | head. [demonic ancestry]
  2269 | D:3      | Reached XP level 5. HP: 33/41 MP: 5/5
  2286 | D:3      | Reached skill level 2 in Maces & Flails
  2797 | D:3      | Found a runed translucent door.
  2798 | D:3      | Noticed Crazy Yiuf
  2873 | D:3      | Reached skill level 3 in Maces & Flails
  3187 | D:3      | Reached XP level 6. HP: 47/47 MP: 6/6
  3227 | D:3      | HP: 9/47 [gnoll/+0 halberd (10)]
  3228 | D:3      | HP: 4/47 [gnoll/+0 flail (5)]
  3510 | D:3      | Killed from afar by an orc priest

Action                   |  1- 3 |  4- 6 || total
-------------------------+-------+-------++-------
Melee: War axe           |   156 |    47 ||   203
       Flail             |       |    93 ||    93
       Headbutt          |       |     6 ||     6
Throw: Dart              |       |     4 ||     4
  Use: Potion            |       |     5 ||     5
  Eat: Chunk             |     3 |     6 ||     9
Armor: Scale mail        |    93 |    16 ||   109
       Chain mail        |       |    89 ||    89
Dodge: Dodged            |    49 |    33 ||    82
Block: Shield            |    69 |    92 ||   161
